 Dungeon Crawl Stone Soup version 0.28.0-47-ge53b351184 (webtiles) character file.

Game seed: 12730850667052592169

70 hawla the Magician (level 4, -1/24 HPs)
             Began as a Deep Elf Earth Elementalist on May 2, 2022.
             Slain by a phantom (8 damage)
             ... on level 3 of the Dungeon.
             The game lasted 00:06:05 (1859 turns).

hawla the Magician (Deep Elf Earth Elementalist)    Turns: 1859, Time: 00:06:05

Health: -1/24      AC:  3    Str:  5    XL:     4   Next: 3%
Magic:  0/12       EV: 13    Int: 22    God:
Gold:   80         SH:  0    Dex: 15    Spells: 7/11 levels left

rFire   . . .      SeeInvis .   (no weapon)
rCold   . . .      Faith    .   (no shield)
rNeg    . . .      Spirit   .   b - +0 robe
rPois   .          Reflect  .   g - +1 hat
rElec   .          Harm     .   (no cloak)
rCorr   .          Rampage  .   (no gloves)
Will    .....                   (no boots)
Stlth   ++........              (no amulet)
HPRegen 0.08/turn               (no ring)
MPRegen 0.13/turn               (no ring)

@: attractive
A: no striking features
a: no special abilities


You were on level 3 of the Dungeon.
You visited 1 branch of the dungeon, and saw 3 of its levels.

You collected 80 gold pieces.

Inventory:

Missiles
 c - 40 stones
 j - a boomerang
Armour
 b - a +0 robe (worn)
 g - a +1 hat (worn)
Scrolls
 k - a scroll of identify {unknown}
Potions
 d - a potion of might {unknown}
 e - a potion of mutation {unknown}
 f - a potion of resistance {unknown}
 h - a potion of curing {unknown}
 i - a potion of haste {unknown}


   Skills:
 + Level 0.1 Fighting
 - Level 1.0 Throwing
 + Level 2.8 Dodging
 - Level 3.0 Stealth
 - Level 4.0 Spellcasting
 - Level 1.0 Conjurations
 - Level 1.1 Transmutations
 - Level 4.0 Earth Magic


You had 7 spell levels left.
You knew the following spells:

 Your Spells              Type           Power      Damage    Failure   Level
a - Sandblast             Erth           44%        2d11      2%          1
b - Stone Arrow           Conj/Erth      30%        3d8       12%         3

Your spell library contained the following spells:

 Spells                   Type           Power      Damage    Failure   Level
 Passwall                 Tmut/Erth      12%        N/A       6%          2
 Static Discharge         Conj/Air       6%         N/A       14%         2
 Petrify                  Tmut/Erth      15%        N/A       36%         4
 Lightning Bolt           Conj/Air       3%         1d14      94%         5
 Maxwell's Capacitive Co  Air            2%         ∞         100%        8


Dungeon Overview and Level Annotations

Branches:
Dungeon (3/15)

Altars:
Zin

Shops:
D:1 (


Message History

The stone arrow hits the phantom.
The phantom is moderately damaged.
Casting: Stone Arrow (quite dangerous; 12% risk of failure)
Confirm with . or Enter, or press ? or * to list all spells.
Aiming: Sandblast (safe; 2% risk of failure)
Press: ? - help, Shift-Dir - straight line, f/p - phantom
Aim: a phantom (moderately damaged, 73% to hit)
The blast of sand misses the phantom.
Casting: Sandblast (safe; 2% risk of failure)
Confirm with . or Enter, or press ? or * to list all spells.
The spell is quite dangerous to miscast (12% risk of failure)!
Continue anyway?
Aiming: Stone Arrow (quite dangerous; 12% risk of failure)
Press: ? - help, Shift-Dir - straight line, f/p - phantom
Aim: a phantom (moderately damaged, 56% to hit)
The stone arrow hits the phantom!
The phantom is heavily damaged.
The phantom barely misses you.
You barely miss the phantom.
The phantom is heavily damaged.
The phantom hits you but does no damage.
You closely miss the phantom. Your punch misses the phantom.
The phantom is heavily damaged.
The phantom hits you!
The phantom blinks!
You blink.
You hit the phantom but do no damage.
The phantom is heavily damaged.
The phantom hits you.
The phantom blinks!
You blink.
Casting: Stone Arrow (quite dangerous; 12% risk of failure)
Confirm with . or Enter, or press ? or * to list all spells.
Aiming: Sandblast (safe; 2% risk of failure)
Press: ? - help, Shift-Dir - straight line, f/p - phantom
Aim: a phantom (heavily damaged, 73% to hit)
The blast of sand hits the phantom!
The phantom is almost destroyed.
The phantom hits you!
* * * LOW HITPOINT WARNING * * *
The phantom blinks!
You blink.
It was a potion of attraction.
You feel attractive to monsters. The phantom hits you!
You die...

♣≈≈≈.....## #
♣♣≈≈≈.#...## .# ..
♣≈≈...###.###.#.#
♣≈≈P## ##.§..)..#
♣≈P≈ .##.....###
≈.≈.###...#.####
...#.....##.#
##.#..##.##
##@#.....§#
#..W.!##.§######
.......>).†...$...
###...#.#[#.#.##.##
##..........#
#..#.#)#.#.#
#............
#..#.#)#.#..##
.............#


You could see a phantom.

Vanquished Creatures
  An adder (D:2)
  A worm (D:2)
  5 orcs (D:3)
  2 ball pythons (D:1)
  3 bats (D:1)
  2 endoplasms
  6 giant cockroaches
  6 goblins
  6 hobgoblins
  4 kobolds
  4 quokkas
  4 rats
44 creatures vanquished.

Vanquished Creatures (others)
  13 plants (D:3)
13 creatures vanquished.

Grand Total: 57 creatures vanquished

Notes
Turn   | Place    | Note
-------+----------+-------------------------------------------
     0 | D:1      | hawla the Deep Elf Earth Elementalist began the quest for
                  | the Orb.
     0 | D:1      | Reached XP level 1. HP: 10/10 MP: 6/6
   136 | D:1      | Reached XP level 2. HP: 15/15 MP: 2/8
   226 | D:1      | Found a faded altar of an unknown god.
   310 | D:1      | Found Nokheig's Weapon Boutique.
   958 | D:2      | Reached XP level 3. HP: 19/19 MP: 5/10
   962 | D:2      | Learned a level 3 spell: Stone Arrow
  1043 | D:2      | Found a glowing silver altar of Zin.
  1754 | D:3      | Reached skill level 1 in Conjurations
  1762 | D:3      | Reached skill level 1 in Throwing
  1849 | D:3      | Noticed a phantom
  1851 | D:3      | Reached XP level 4. HP: 24/24 MP: 8/12
  1859 | D:3      | Slain by a phantom

Illustrated notes

Levels and vault maps discovered:
D:1:      dpeg_arrival_signposts, layout_rooms, serial_glass, glass_columns_c,
          glass_columns_c, glass_columns_a, glass_columns_c, glass_columns_a,
          glass_columns_c, glass_columns_a, glass_columns_c, glass_columns_c,
          glass_columns_a, glass_columns_a, glass_columns_a, glass_columns_a,
          glass_columns_b, serial_shops, nicolae_shop_bloodbath_and_beyond,
          hellmonk_ecumenical_altar_slurped_away
D:2:      layout_rooms, basic_altar
D:3:      layout_loops_ring, st_stairs_2, kennysheep_cross_bottleneck,
          serial_bayou_pond_c

Skill      XL: |  1  2  3 |
---------------+----------+-----
Stealth        | 3 |  3.0
Spellcasting   | 4 |  4.0
Earth Magic    | 4 |  4.0
Conjurations   | 1 |  1.0
Throwing       | 1 |  1.0
Fighting       | |  0.1
Dodging        | |  2.8
Transmutations | |  1.1

Action                   |  1- 3 |  4- 6 || total
-------------------------+-------+-------++-------
Melee: Unarmed           |       |     3 ||     3
 Cast: Sandblast         |    54 |     3 ||    57
       Stone Arrow       |     7 |     2 ||     9
  Use: Potion            |       |     1 ||     1
Armor: Robe              |     5 |     1 ||     6
Dodge: Dodged            |    10 |     1 ||    11
